 Dungeon Crawl Stone Soup version 0.24.0-35-gdb84b6a5db (webtiles) character file.

Game seed: 7264348941481121804, levelgen mode: deterministic

114805 grindst0ne the Warrior (level 16, -9/138 HPs)
             Began as a Mummy Fighter on Nov 18, 2019.
             Was an Initiate of Gozag.
             Mangled by a wolf spider (17 damage)
             ... on level 3 of the Lair of Beasts.
             The game lasted 01:00:02 (23980 turns).

grindst0ne the Warrior (Mummy Fighter)             Turns: 23980, Time: 01:00:03

Health: -9/138     AC: 23    Str: 25    XL:     16   Next: 17%
Magic:  29/29      EV:  8    Int:  4    God:    Gozag
Gold:   5391       SH:  0    Dex: 20    Spells: 15/15 levels left

rFire    x . .     SeeInvis .   x - +6 long sword of Valiance {vamp, MR- MP+9 Dex+5}
rCold    + + .     Gourm    .   I - +10 large shield of Ignorance {rN+ Int-4}
rNeg     + + +     Faith    .   Q - +4 scale mail of Zin's Reproof {MR++ Regen+ rCorr Stlth-}
rPois    ∞         Spirit   .   D - +0 helmet
rElec    .         Reflect  +   y - +2 cloak of Pavummig {rC+ MR+}
rCorr    +         Harm     .   d - +2 pair of gloves {Dex+3}
MR       ++++.                  P - +0 pair of boots {Fly}
Stlth    ..........             s - +5 amulet of reflection
HPRegen  0.73/turn              O - +6 ring of slaying
MPRegen  0.21/turn              o - ring of resist corrosion

@: confused, flying
A: no food or potions, fire vulnerability, cold resistance 1, negative energy
resistance 3, torment resistance, unbreathing, in touch with death 1
a: Potion Petition, Call Merchant, Bribe Branch, Renounce Religion, Stop Flying


You were on level 3 of the Lair of Beasts.
You worshipped Gozag.
Gozag was greatly pleased with you.
You were not hungry.

You visited 5 branches of the dungeon, and saw 25 of its levels.
You visited 1 bazaar.

You collected 8950 gold pieces.
You spent 2555 gold pieces at shops.
You paid 1004 gold pieces to Gozag.

Inventory:

Hand Weapons
 m - a +1 rapier of electrocution
 x - the +6 long sword of Valiance (weapon) {vamp, MR- MP+9 Dex+5}
   (You found it on level 9 of the Dungeon)

   It inflicts no extra harm, but heals its wielder when it wounds a living foe.
   It affects your dexterity (+5).
   It affects your resistance to hostile enchantments.
   It affects your magic capacity (+9).
Armour
 d - a +2 pair of gloves of dexterity (worn)
 y - the +2 cloak of Pavummig (worn) {rC+ MR+}
   (You bought it in a shop on level 2 of the Orcish Mines)

   It protects you from cold.
   It affects your resistance to hostile enchantments.
 D - a +0 helmet (worn)
 H - a +2 chain mail of positive energy
 I - the +10 large shield of Ignorance (worn) {rN+ Int-4}
   (You bought it in a shop in a bazaar)

   It affects your intelligence (-4).
   It protects you from negative energy.
 P - a +0 pair of boots of flying (worn)
 Q - the +4 scale mail of Zin's Reproof (worn) {MR++ Regen+ rCorr Stlth-}
   (You bought it in a shop on level 15 of the Dungeon)

   It affects your resistance to hostile enchantments.
   It increases your rate of regeneration.
   It provides partial protection from all sources of acid and corrosion.
   It makes you less stealthy.
Jewellery
 a - the amulet of Puledghiw {rF+ Regen+ Int+2 SInv Stlth-}
   (You acquired it on level 13 of the Dungeon)

   [amulet of regeneration]

   It affects your intelligence (+2).
   It protects you from fire.
   It lets you see invisible.
   It increases your rate of regeneration.
   It makes you less stealthy.
 o - a ring of resist corrosion (right hand)
 s - a +5 amulet of reflection (around neck)
 O - a +6 ring of slaying (left hand)
Wands
 q - a wand of disintegration (44)
 u - a wand of flame (76)
 v - a wand of polymorph (34)
 w - a wand of iceblast (33)
 A - a wand of paralysis (18)
 B - a wand of random effects (53)
 K - a wand of enslavement (12)
 M - a wand of scattershot (3)
Scrolls
 b - 6 scrolls of fog
 f - 9 scrolls of teleportation
 g - 2 scrolls of immolation
 h - 2 scrolls of fear
 i - 4 scrolls of amnesia
 j - 6 scrolls of enchant weapon
 k - 7 scrolls of magic mapping
 n - 7 scrolls of remove curse
 p - a scroll of summoning
 r - 5 scrolls of enchant armour
 t - 3 scrolls of vulnerability
 C - 7 scrolls of identify
 E - 3 scrolls of torment
 F - 6 scrolls of blinking
 N - a scroll of brand weapon
Miscellaneous
 c - a phial of floods
 e - a lightning rod (4/4)
 z - a lamp of fire


   Skills:
 + Level 16.2 Fighting
 + Level 8.3 Long Blades
   Level 3.0 Axes
 + Level 11.4 Armour
 + Level 13.9 Shields
 - Level 6.0 Evocations


You had 15 spell levels left.
You didn't know any spells.
Your spell library contained the following spells:

 Spells                   Type           Power        Failure   Level  Hunger
 Corona                   Hex            #......      99%         1    N/A
 Flame Tongue             Conj/Fire      #....        99%         1    N/A
 Freeze                   Ice            #...         99%         1    N/A
 Magic Dart               Conj           #...         99%         1    N/A
 Sting                    Conj/Pois      #...         99%         1    N/A
 Ensorcelled Hibernation  Hex/Ice        #.....       100%        2    N/A
 Poisonous Vapours        Pois/Air       #.....       100%        2    N/A
 Searing Ray              Conj           #.....       100%        2    N/A
 Sticks to Snakes         Tmut           #.......     100%        2    N/A
 Throw Flame              Conj/Fire      #.....       100%        2    N/A
 Throw Frost              Conj/Ice       #.....       100%        2    N/A
 Confuse                  Hex            #.......     100%        3    N/A
 Conjure Flame            Conj/Fire      #.......     100%        3    N/A
 Dazzling Spray           Conj/Hex       #.....       100%        3    N/A
 Inner Flame              Hex/Fire       #.......     100%        3    N/A
 Mephitic Cloud           Conj/Pois/Air  #.......     100%        3    N/A
 Ozocubu's Armour         Chrm/Ice       #.......     100%        3    N/A
 Static Discharge         Conj/Air       #.......     100%        3    N/A
 Tukima's Dance           Hex            #.......     100%        3    N/A
 Force Lance              Conj/Tloc      #.......     100%        4    N/A
 Fulminant Prism          Conj/Hex       #.........   100%        4    N/A
 Iskenderun's Mystic Bla  Conj           #.......     100%        4    N/A
 Olgreb's Toxic Radiance  Pois           #.......     100%        4    N/A
 Sticky Flame             Conj/Fire      #.......     100%        4    N/A
 Summon Ice Beast         Ice/Summ       #.......     100%        4    N/A
 Throw Icicle             Conj/Ice       #.......     100%        4    N/A
 Fireball                 Conj/Fire      #.........   100%        5    N/A
 Lightning Bolt           Conj/Air       #.........   100%        5    N/A
 Venom Bolt               Conj/Pois      #.........   100%        5    N/A
 Ignition                 Fire           #.........   100%        8    N/A
 Shatter                  Erth           #.........   100%        9    N/A
 Tornado                  Air            #.........   100%        9    N/A
 Beastly Appendage        Tmut           Unusable     N/A         1    N/A
 Spider Form              Tmut/Pois      Unusable     N/A         3    N/A
 Ice Form                 Ice/Tmut       Unusable     N/A         4    N/A
 Blade Hands              Tmut           Unusable     N/A         5    N/A

Dungeon Overview and Level Annotations

Branches:
Dungeon (15/15)            Temple (1/1) D:6            Lair (6/6) D:10
 Shoals (0/4) Lair:4       Spider (1/4) Lair:3        Slime (0/5) Lair:6
    Orc (2/2) D:11            Elf (0/3) Orc:2        Vaults (0/5) D:13
 Depths (0/5) D:15

Altars:
Cheibriados
Dithmenos
Elyvilon
Fedhas
Gozag
Hepliaklqana
Makhleb
Nemelex Xobeh
Qazlal
Ru
Sif Muna
Trog
Vehumet
Wu Jian
Xom
Yredelemnul
The Shining One
Beogh
Jiyva

Shops:
D:6 =   D:8 (   D:15 [   Orc:2 ![%!

Annotations:
D:4 exclusion: downstairs
D:6 1 runed translucent door, Valentain's ghost, novice OpFE
Lair:2 exclusion: downstairs
Lair:5 exclusion: 3 oklob plants


Innate Abilities, Weirdness & Mutations

You do not eat or drink.
Your flesh is vulnerable to fire.
You are immune to poison.
Your flesh is cold resistant. (rC+)
You are immune to negative energy. (rN+++)
You are immune to unholy pain and torment.
You can survive without breathing.
You are in touch with the powers of death.


Message History

You slash the redback!
You feel better.
The redback is severely wounded.
The wolf spider hits you.
* * * LOW HITPOINT WARNING * * *
The wolf spider closely misses you. The redback bites you.
* * * LOW HITPOINT WARNING * * *
The tarantella bites you!
* * * LOW HITPOINT WARNING * * *
You are more confused.
The wolf spider hits you!
* * * LOW HITPOINT WARNING * * *
The wolf spider bites you but does no damage.
The redback barely misses you.
You're too confused!
You can't drink.
Okay, then.
You bump into the rock wall.
The tarantella barely misses you. The wolf spider hits you!
You die...
Your body crumbles into a pile of gold.

##### ##..P# ### ###
#P...#####@###.# ##.....^.sss...#
#......^.ss^^..#
#######....^^........#### #####
#.##.#....^^^^..^.....#.#####P#..
..........^.^^.^^................
.........^^..^>^..^^....###......
.........^^^.^^.^^.^#...# ##.....
.#+#.P#..^.^^^^^^...#..## #.....


You could see a wolf spider, a jumping spider, 2 tarantellas and a redback.

Vanquished Creatures
  Jorgrun (Orc:2)
  Gastronok (D:8)
  A stone giant (Orc:2)
  An ironheart preserver (D:13)
  Azrael (D:13)
  A fire dragon (D:14)
  4 ogre magi (Orc:2)
  8 hydras
  4 centaur warriors
  4 death yaks (Lair:5)
  12 two-headed ogres
  A vampire mage (D:15)
  Urug (Lair:1)
  2 tengu warriors (D:15)
  Nergalle (Lair:3)
  9 skeletal warriors
  3 unseen horrors
  A shadow dragon zombie (D:15)
  2 orc knights (Orc:1)
  Pikel (D:7)
  A necromancer (D:15)
  A wolf spider zombie (D:15)
  An orc sorcerer (Orc:1)
  A wolf spider (Lair:6)
  A deep elf mage (D:13)
  A cyclops (D:12)
  A fire giant zombie (D:15)
  23 ugly things
  3 manticores
  16 elephants (Lair:6)
  Maurice (Orc:1)
  A guardian serpent (Lair:6)
  9 black mambas
  17 spiny frogs
  2 gargoyles
  2 torpor snails
  A centaur skeleton (D:13)
  3 rime drakes (Lair:6)
  4 komodo dragons
  7 trolls
  A tengu conjurer (D:10)
  8 hippogriffs
  6 slime creatures
  4 hornets
  A fire dragon zombie (D:15)
  An ice dragon zombie (D:15)
  A raiju (shapeshifter) (D:14)
  A snapping turtle (Lair:4)
  16 dream sheep
  25 blink frogs
  3 redbacks
  A shadow (D:14)
  A vampire (D:15)
  2 wraiths
  64 yaks
  9 wyverns
  2 fire elementals (D:13)
  2 basilisks
  6 hungry ghosts
  3 vampire mosquitoes (D:9)
  3 wargs
  2 soldier ants
  2 acid dragons (D:13)
  6 hell hounds (D:13)
  22 water moccasins
  7 porcupines
  25 orc warriors
  2 black bears
  5 sky beasts
  A slave (D:7)
  A hornet zombie (D:15)
  35 ogres
  A necrophage (D:11)
  6 centaurs
  29 wolves
  9 crocodiles
  5 phantoms
  2 big kobolds
  14 bullfrogs
  A wyvern skeleton (D:12)
  4 scorpions
  A wyvern zombie (D:13)
  8 killer bees
  4 howler monkeys
  8 wights
  An electric eel (D:9)
  3 centaur zombies
  4 crimson imps
  2 bullfrog zombies
  7 hounds
  5 jellies
  A quasit (D:8)
  14 orc priests
  18 orc wizards
  Crazy Yiuf (D:2)
  Ijyb (D:5)
  7 iguanas
  8 worker ants
  A worker ant zombie (D:10)
  A howler monkey skeleton (D:6)
  17 adders
  4 gnolls (D:5)
  6 shadow imps
  An ooze (D:1)
  2 adder skeletons
  2 adder zombies
  6 worms
  A dart slug (D:1)
  7 leopard geckos
  76 orcs
  5 giant cockroaches
  9 goblins
  8 hobgoblins
  8 jackals
  8 quokkas
  2 ball pythons
  7 bats
  6 frilled lizards
  20 kobolds
  A leopard gecko skeleton (D:7)
  2 quokka skeletons
  6 rats
  4 fungi
  A plant (D:2)
798 creatures vanquished.

Vanquished Creatures (others)
  A centaur (D:12)
  An orc (D:14)
  3 kobolds (D:7)
  59 fungi
  55 plants
  A withered plant (D:15)
120 creatures vanquished.

Grand Total: 918 creatures vanquished

Notes
Turn   | Place    | Note
-------+----------+-------------------------------------------
     0 | D:1      | grindst0ne the Mummy Fighter began the quest for the Orb.
     0 | D:1      | Reached XP level 1. HP: 18/18 MP: 1/1
    51 | D:1      | Reached XP level 2. HP: 21/24 MP: 2/2
   309 | D:1      | Reached XP level 3. HP: 27/29 MP: 3/3
   932 | D:2      | Reached XP level 4. HP: 37/37 MP: 4/4
  1044 | D:2      | Found a blossoming altar of Fedhas.
  1245 | D:2      | Found a runed translucent door.
  1246 | D:2      | Noticed Crazy Yiuf
  1253 | D:2      | Paralysed by Crazy Yiuf for 3 turns
  1257 | D:2      | Killed Crazy Yiuf
  1334 | D:2      | Reached skill level 4 in Fighting
  1698 | D:3      | Reached XP level 5. HP: 42/42 MP: 5/5
  2096 | D:3      | Found a basalt altar of Yredelemnul.
  2096 | D:3      | Found a burning altar of Makhleb.
  2097 | D:3      | Found a hazy altar of Hepliaklqana.
  2291 | D:3      | Found a stormy altar of Qazlal.
  3043 | D:4      | You fall into a shaft and drop 2 floors!
  3064 | D:5      | Entered Level 5 of the Dungeon
  3085 | D:5      | Noticed Ijyb
  3098 | D:5      | Noticed an ogre
  3171 | D:4      | Found a sparkling altar of Nemelex Xobeh.
  3371 | D:5      | Noticed a sky beast
  3383 | D:5      | Reached XP level 6. HP: 39/49 MP: 6/6
  3730 | D:5      | Reached skill level 5 in Fighting
  4084 | D:6      | Noticed a sky beast
  4151 | D:6      | Found a runed translucent door.
  4151 | D:6      | Noticed Valentain's ghost (novice OpFE)
  4156 | D:6      | Found Ubioso's Jewellery Shop.
  4183 | D:6      | Reached XP level 7. HP: 52/56 MP: 7/7
  4226 | D:6      | Found a glowing golden altar of the Shining One.
  4269 | D:6      | Found a staircase to the Ecumenical Temple.
  4276 | Temple   | Entered the Ecumenical Temple
  4314 | Temple   | Became a worshipper of Gozag Ym Sagoz the Greedy
  4411 | D:6      | Found an ornate altar of the Wu Jian Council.
  4438 | D:6      | Reached skill level 6 in Fighting
  4454 | D:6      | Reached skill level 5 in Shields
  4535 | D:6      | Found a shimmering altar of Xom.
  4538 | D:6      | Found an ornate altar of the Wu Jian Council.
  4798 | D:6      | Reached XP level 8. HP: 65/65 MP: 8/8
  4805 | D:6      | Reached skill level 7 in Fighting
  5128 | D:5      | Killed Ijyb
  5187 | D:5      | Found a faded altar of an unknown god.
  5187 | D:5      | Found a snail-covered altar of Cheibriados.
  5192 | D:5      | Found a white marble altar of Elyvilon.
  5194 | D:5      | Found a shimmering blue altar of Sif Muna.
  5195 | D:5      | Found a faded altar of an unknown god.
  5510 | D:7      | Reached skill level 8 in Fighting
  5877 | D:7      | Noticed a gargoyle
  5880 | D:7      | Killed a gargoyle
  5880 | D:7      | Reached skill level 1 in Evocations
  5880 | D:7      | Reached XP level 9. HP: 66/75 MP: 8/10
  5939 | D:7      | Noticed Pikel
  5974 | D:7      | Killed Pikel
  6003 | D:7      | Reached skill level 9 in Fighting
  7024 | D:8      | Noticed Gastronok
  7045 | D:8      | Killed Gastronok
  7045 | D:8      | Reached skill level 10 in Fighting
  7045 | D:8      | Reached XP level 10. HP: 85/85 MP: 11/13
  7049 | D:8      | Reached skill level 5 in Evocations
  7393 | D:8      | Found Usifuomo's Antique Weapon Emporium.
  7818 | D:9      | Identified a scroll of acquirement
  7939 | D:9      | Got a smoking long sword
  7955 | D:9      | Identified the +6 long sword of Valiance {vamp, MR- MP+9
                  | Dex+5} (You found it on level 9 of the Dungeon)
  8121 | D:9      | You fall into a shaft and drop 1 floor!
  8121 | D:10     | Entered Level 10 of the Dungeon
  9077 | D:10     | Reached skill level 11 in Fighting
  9090 | D:10     | Found a staircase to the Lair.
  9100 | D:10     | Reached XP level 11. HP: 93/93 MP: 15/15
  9615 | D:11     | Noticed a two-headed ogre
  9625 | D:11     | Killed a two-headed ogre
  9646 | D:11     | Found a flickering gateway to a bazaar.
  9661 | Bazaar   | Entered a bazaar
  9661 | Bazaar   | Found Vagemik's Weapon Boutique.
  9661 | Bazaar   | Found Ystrev's Weapon Shop.
  9661 | Bazaar   | Found Pesurumu's Antique Armour Shop.
  9674 | Bazaar   | Bought a pair of glowing boots for 172 gold pieces
  9674 | Bazaar   | Bought a runed chain mail for 172 gold pieces
  9674 | Bazaar   | Bought the +10 large shield of Ignorance {rN+ Int-4} for
                  | 1317 gold pieces
  9674 | Bazaar   | Found the +10 large shield of Ignorance {rN+ Int-4}
  9820 | D:11     | Found a staircase to the Orcish Mines.
 10069 | D:11     | Noticed a skeletal warrior
 10069 | D:11     | Noticed a skeletal warrior
 10095 | D:11     | Killed a skeletal warrior
 10095 | D:11     | Reached skill level 10 in Shields
 10116 | D:11     | Killed a skeletal warrior
 10189 | D:11     | Killed an unseen horror
 10189 | D:11     | Reached skill level 12 in Fighting
 10189 | D:11     | Reached skill level 5 in Armour
 10562 | D:11     | Noticed a skeletal warrior
 10626 | D:11     | Killed a skeletal warrior
 11040 | D:12     | Noticed a purple ugly thing
 11062 | D:12     | Killed a purple ugly thing
 11062 | D:12     | Reached XP level 12. HP: 83/102 MP: 16/16
 11537 | D:12     | Found a roughly hewn altar of Beogh.
 11862 | Lair:1   | Entered Level 1 of the Lair of Beasts
 11912 | Lair:1   | Noticed a seven-headed hydra
 11918 | Lair:1   | Killed a seven-headed hydra
 12247 | Lair:1   | Reached skill level 13 in Fighting
 12257 | Lair:1   | Noticed Urug
 12295 | Lair:1   | Killed Urug
 13049 | Lair:2   | Noticed an eight-headed hydra
 13283 | Lair:2   | Killed an eight-headed hydra
 13815 | Lair:3   | Noticed a four-headed hydra
 13869 | Lair:3   | Noticed Nergalle
 13892 | Lair:3   | Killed Nergalle
 13901 | Lair:3   | Gained mutation: You are in touch with the powers of death.
                  | [Mummy growth]
 13901 | Lair:3   | Reached XP level 13. HP: 111/111 MP: 17/17
 14486 | Lair:3   | Found a hole to the Spider Nest.
 14930 | Lair:4   | Reached skill level 1 in Long Blades
 15413 | Lair:4   | Found a staircase to the Shoals.
 15951 | Lair:5   | Reached skill level 14 in Fighting
 16316 | Lair:5   | Paralysed by a floating eye for 2 turns
 16325 | Lair:5   | Paralysed by a floating eye for 4 turns
 16647 | Lair:5   | Paralysed by a floating eye for 4 turns
 16659 | Lair:5   | Paralysed by a floating eye for 2 turns
 16662 | Lair:5   | Paralysed by a floating eye for 4 turns
 16867 | Lair:6   | Entered Level 6 of the Lair of Beasts
 17114 | Lair:6   | Reached XP level 14. HP: 121/121 MP: 18/18
 17926 | Lair:6   | Reached skill level 5 in Long Blades
 18551 | Lair:6   | Found a viscous altar of Jiyva.
 18551 | Lair:6   | Found a staircase to the Slime Pits.
 18895 | D:13     | Reached skill level 15 in Fighting
 18925 | D:13     | Reached skill level 10 in Armour
 18957 | D:13     | Noticed Azrael
 19328 | D:13     | Killed Azrael
 19527 | D:13     | Got a crude crystal amulet
 19529 | D:13     | Identified the amulet of Puledghiw {rF+ Regen+ Int+2 SInv
                  | Stlth-} (You acquired it on level 13 of the Dungeon)
 19683 | D:13     | Noticed an ironheart preserver
 19767 | D:13     | Killed an ironheart preserver
 19772 | D:13     | Found a gate to the Vaults.
 20020 | D:14     | Reached XP level 15. HP: 119/129 MP: 19/19
 20951 | D:15     | Entered Level 15 of the Dungeon
 21265 | D:15     | Found a staircase to the Depths.
 21608 | D:15     | Found Fomnav's Antique Armour Emporium.
 21774 | D:15     | Bought a pair of glowing boots for 307 gold pieces
 21774 | D:15     | Bought a distressingly furry scale mail for 369 gold pieces
 21784 | D:15     | Identified the +4 scale mail of Zin's Reproof {MR++ Regen+
                  | rCorr Stlth-} (You bought it in a shop on level 15 of the
                  | Dungeon)
 22079 | Orc:1    | Entered Level 1 of the Orcish Mines
 22080 | Orc:1    | Noticed Maurice
 22112 | Orc:1    | Killed Maurice
 22600 | Orc:2    | Entered Level 2 of the Orcish Mines
 22600 | Orc:2    | Found a staircase to the Elven Halls.
 22704 | Orc:2    | Noticed Jorgrun
 22734 | Orc:2    | Killed Jorgrun
 23231 | Orc:2    | Reached skill level 16 in Fighting
 23277 | Orc:2    | Reached XP level 16. HP: 100/138 MP: 16/20
 23611 | Orc:2    | Found Tyfulot's Antique Armour Shoppe.
 23611 | Orc:2    | Found Zeumna's Distillery.
 23612 | Orc:2    | Found Xeerghua's Food Shoppe.
 23612 | Orc:2    | Found Meekohom's Distillery.
 23705 | Orc:2    | Bought a crude cloak for 218 gold pieces
 23715 | Orc:2    | Identified the +2 cloak of Pavummig {rC+ MR+} (You bought
                  | it in a shop on level 2 of the Orcish Mines)
 23952 | Spider:1 | Entered Level 1 of the Spider Nest
 23980 | Lair:3   | Mangled by a wolf spider

Levels and vault maps discovered:
D:1:      mrwooster_arrival_arrow, layout_loops_ring, serial_glass,
          glass_columns_a, glass_columns_c
D:2:      layout_basic, fedhas_altar_3, uniq_crazy_yiuf_cottage
D:3:      layout_basic, gammafunk_temple_overflow_claw, lemuel_round_altar,
          minmay_goblin_outpost
D:4:      layout_loops_ring, lemuel_round_altar, first_ration,
          dk_noncrumbling_2, dk_noncrumbling_4
D:5:      layout_basic, chequers_temple_overflow_minitemple, uniq_ijyb
D:6:      minmay_chambers_of_threes, layout_basic, kennysheep_little_box,
          nicolae_overflow_hidden_temple, minmay_temple_entry_arrows,
          basic_altar, serial_shops, kennysheep_mini_moat,
          hellmonk_ghost_happy_afterlife
D:7:      layout_loops_corners, uniq_pikel
D:8:      layout_loops_ring, serial_shops, shop, uniq_gastronok
D:9:      layout_irregular_city, kennysheep_decorative_pillar
D:10:     layout_roguey, due_lair_maze_entry_diamond, grunt_tengu_nest
D:11:     layout_irregular_city, david_orc_1_choice, serial_shops,
          bzr_entry_customers, grunt_decor_resistance
D:12:     layout_roguey [special_room_orc]
D:13:     layout_cave_pools, skrybe_vaults_entry_preservation, uniq_azrael
D:14:     layout_roguey, hangedman_decor_riveting
D:15:     gammafunk_depths_entry_grave, layout_rooms, minmay_stone_trees_medium,
          serial_shops, shop, hangedman_decor_diamond_cutter
Temple:   jpeg_temple_clearing
Lair:1:   layout_chaotic_city, chequers_serial_rivers_micro_e,
          lemuel_fruit_tree, lemuel_fruit_fields, uniq_urug
Lair:2:   layout_loops_ring, chequers_serial_rivers_micro_c,
          beast_lair_carwin_7, grunt_megastairs_5
Lair:3:   layout_chaotic_city, spider_nest_entry_web_field,
          grunt_forest_large_clearings, grunt_megastairs_1, uniq_nergalle
Lair:4:   layout_loops_ring, minmay_shoals_entry_hut
Lair:5:   layout_cave_pods, disabler_island
Lair:6:   hangedman_lair_tendril_chambers, layout_misc_corridors,
          dpeg_slime_entry_enclosed_altar, minmay_lair_drake_nest
Spider:1: spiders_nest_scorpion_pit, uniq_agnes
Orc:1:    layout_caves, uniq_maurice
Orc:2:    st_orc_ogre_mass, layout_caves, uniq_jorgrun

Skill      XL: |  1  2  3  4  5  6  7  8  9 10 11 12 13 14 15 |
---------------+----------------------------------------------+-----
Axes           | 2 3 |  3.0
Shields        | 3 4 5 7 8 9 10 11 12 13 | 13.9
Fighting       | 4 5 6 8 10 11 12 13 14 15 16 | 16.2
Evocations     | 1 4 6 |  6.0
Armour         | 5 7 9 10 11 | 11.4
Long Blades    | 3 6 8 |  8.3

Action                   |  1- 3 |  4- 6 |  7- 9 | 10-12 | 13-15 | 16-18 || total
-------------------------+-------+-------+-------+-------+-------+-------++-------
Melee: War axe           |   135 |   152 |       |       |       |       ||   287
       Mace              |       |     2 |       |       |       |       ||     2
       Rapier            |       |   139 |   349 |   144 |    35 |       ||   667
       Long sword        |       |       |       |   944 |  2535 |   134 ||  3613
Invok: Potion Petition   |       |       |       |       |     2 |     1 ||     3
Evoke: Wand              |       |       |    12 |    22 |    27 |       ||    61
       Lamp of fire      |       |       |       |     1 |     1 |       ||     2
       Lightning rod     |       |       |       |       |     7 |       ||     7
  Use: Scroll            |       |     9 |     5 |     8 |    10 |     1 ||    33
 Stab: Distracted        |       |       |     1 |    11 |    12 |       ||    24
       Paralysed         |       |       |       |       |     3 |       ||     3
Armor: Scale mail        |    79 |    60 |       |       |    42 |    66 ||   247
       Chain mail        |       |    90 |   121 |   207 |   740 |       ||  1158
       Ring mail         |       |       |    45 |   199 |       |       ||   244
Dodge: Dodged            |    58 |    64 |    78 |   200 |   268 |    32 ||   700
Block: Shield            |   105 |   148 |   303 |   446 |       |       ||  1002
       Reflection        |       |       |     5 |    10 |    27 |       ||    42
       Large shield      |       |       |       |  1033 |  4307 |   269 ||  5609
       Rpst.: Long sword |       |       |       |    45 |    75 |     3 ||   123
